 Dungeon Crawl Stone Soup version 0.28.0 (webtiles) character file.

Game seed: 10577986393890416790

176 Dirian the Shield-Bearer (level 5, -3/47 HPs)
             Began as a Minotaur Fighter on Feb 11, 2022.
             Slain by a gnoll (8 damage)
             ... on level 4 of the Dungeon.
             The game lasted 00:03:24 (1977 turns).

Dirian the Shield-Bearer (Minotaur Fighter)         Turns: 1977, Time: 00:03:25

Health: -3/47      AC:  9    Str: 21    XL:     5   Next: 30%
Magic:  4/4        EV:  9    Int:  5    God:
Gold:   109        SH:  5    Dex: 11    Spells: 4/4 levels left

rFire   . . .      SeeInvis .   a - +0 long sword
rCold   . . .      Faith    .   c - +0 buckler
rNeg    . . .      Spirit   .   b - +0 scale mail
rPois   .          Reflect  .   (helmet restricted)
rElec   .          Harm     .   (no cloak)
rCorr   .          Rampage  .   l - +0 pair of gloves
Will    .....                   k - +0 pair of boots
Stlth   ..........              (no amulet)
HPRegen 0.15/turn               f - ring of flight
MPRegen 0.09/turn               (no ring)

@: flying
A: horns 2, retaliatory headbutt
a: no special abilities


You were on level 4 of the Dungeon.
You visited 1 branch of the dungeon, and saw 4 of its levels.

You collected 109 gold pieces.

Inventory:

Hand Weapons
 a - a +0 long sword (weapon)
Armour
 b - a +0 scale mail (worn)
 c - a +0 buckler (worn)
 k - a +0 pair of boots (worn)
 l - a +0 pair of gloves (worn)
Jewellery
 f - a ring of flight (left hand)
Wands
 n - a wand of iceblast (12)
Scrolls
 m - a scroll of vulnerability
 r - 4 scrolls of identify
Potions
 d - 2 potions of might
 q - 2 potions of curing


   Skills:
 + Level 4.4 Fighting
 * Level 4.5 Long Blades
 + Level 4.5 Armour
 - Level 1.0 Dodging
 + Level 4.5 Shields


You had 4 spell levels left.
You didn't know any spells.
Your spell library contained the following spells:

 Spells                   Type           Power      Damage    Failure   Level
 Dazzling Flash           Conj/Hex       0%         N/A       99%         3
 Iskenderun's Mystic Bla  Conj/Tloc      0%         2d3       100%        4
 Starburst                Conj/Fire      0%         6d3       100%        6


Dungeon Overview and Level Annotations

Branches:
Dungeon (4/15)
 Temple: D:4-7

Altars:
Wu Jian


Innate Abilities, Weirdness & Mutations

You have a pair of horns on your head.
You reflexively headbutt those who attack you in melee.


Message History

The gnoll is moderately wounded.
You block the gnoll's attack. The gnoll barely misses you.
The gnoll hits you with a +0 club. You block the gnoll's attack.
You slash the gnoll!
You kill the gnoll!
The gnoll hits you with a +0 flail. The gnoll barely misses you.
The gnoll hits you but does no damage.
You slash the gnoll! Your headbutt misses the gnoll.
The gnoll is almost dead.
The gnoll hits you with a +0 flail. You block the gnoll's attack.
The gnoll hits you from afar with a +0 halberd!
You are too injured to fight recklessly!
You are too injured to fight recklessly!
You are too injured to fight recklessly!
You are too injured to fight recklessly!
You are too injured to fight recklessly!
You are too injured to fight recklessly!
You are too injured to fight recklessly!
You are too injured to fight recklessly!
You are too injured to fight recklessly!
You are too injured to fight recklessly!
You are too injured to fight recklessly!
You are too injured to fight recklessly!
You are too injured to fight recklessly!
You are too injured to fight recklessly!
You are too injured to fight recklessly!
You closely miss the gnoll.
The gnoll is almost dead.
The gnoll hits you with a +0 flail! The gnoll hits you with a +0 spear.
The gnoll barely misses you. You block the gnoll's attack.
The gnoll barely misses you.
You slash the gnoll!
You kill the gnoll!
The gnoll closely misses you. The gnoll hits you but does no damage.
The gnoll hits you from afar with a +0 halberd!
* * * LOW HITPOINT WARNING * * *
The gnoll hits you with a +0 flail.
* * * LOW HITPOINT WARNING * * *
The gnoll hits you from afar with a +0 halberd!
You die...

. .# .. #### #.
... #. .. #g .#
#.#)#####.
#)@g......
.≈.P...#.######
≈P≈P.## .#


PP≈P .# ≈≈P .# PP .. P ## You could see 2 gnolls.

Vanquished Creatures
  Ijyb (D:3)
  Robin (D:2)
  3 gnolls
  3 adders
  3 worms
  A dart slug (D:2)
  4 orcs (D:3)
  6 ball pythons
  3 bats
  6 endoplasms
  10 goblins
  9 hobgoblins
  3 jackals (D:3)
  4 kobolds
  A quokka (D:1)
  3 frilled lizards
  5 rats
66 creatures vanquished.

Notes
Turn   | Place    | Note
-------+----------+-------------------------------------------
     0 | D:1      | Dirian the Minotaur Fighter began the quest for the Orb.
     0 | D:1      | Reached XP level 1. HP: 19/19 MP: 0/0
   214 | D:1      | Reached XP level 2. HP: 27/27 MP: 1/1
   502 | D:1      | Reached XP level 3. HP: 33/33 MP: 2/2
   531 | D:2      | Reached skill level 1 in Dodging
   572 | D:2      | Found a faded altar of an unknown god.
   619 | D:2      | Noticed Robin
   651 | D:2      | Killed Robin
   899 | D:2      | Reached XP level 4. HP: 40/40 MP: 3/3
  1541 | D:3      | Noticed Ijyb
  1552 | D:3      | Killed Ijyb
  1618 | D:3      | Reached XP level 5. HP: 47/47 MP: 4/4
  1685 | D:3      | Found an ornate altar of the Wu Jian Council.
  1977 | D:4      | Slain by a gnoll

Illustrated notes

Levels and vault maps discovered:
D:1:      matt_arrival_diagonals, layout_basic,
          amcnicky_mini_rare_corridor_liquid, amcnicky_mini_corridor_feature
D:2:      layout_rooms, ebering_ecumenical_altar_mist, uniq_robin
D:3:      layout_rooms, mainiacjoe_overflow_chevrons,
          kennysheep_generic_room_14, uniq_ijyb
D:4:      layout_loops_ring, serial_bayou_lagoon_a, uniq_grinder

Skill      XL: |  1  2  3  4 |
---------------+-------------+-----
Long Blades    | 3 4 |  4.5
Dodging        | 1 |  1.0
Shields        | 4 |  4.5
Fighting       | 4 |  4.4
Armour         | 4 |  4.5

Action                   |  1- 3 |  4- 6 || total
-------------------------+-------+-------++-------
Melee: Long sword        |    70 |    71 ||   141
       Headbutt          |    11 |     4 ||    15
  Use: Scroll            |       |     5 ||     5
Armor: Scale mail        |    28 |    35 ||    63
Dodge: Dodged            |    28 |    33 ||    61
Block: Buckler           |    14 |    19 ||    33
